AoeStats
← Jazzmushroom

Arena

508806599Analyzed
4v4 RM · 8d ago on Sep 24, 2026· 42m 30s· 8 players
Game mode
Random Map
Map size
Large (8 player)
Population
200
Speed
Normal
Resources
Standard
Victory
Conquest
Starting age
Dark Age
Ending age
Imperial Age
RankedLock teamsTeams togetherTeam positionsShared explorationLock speedFull tech treeHidden civsTurbo modeCheats
Victory
Defeat
🇺🇸 Varangians · United States
1478
+10
🇻🇳 Italians · Vietnam
1348
+15
🇺🇸 Danes · United States
1333
+16
🇻🇳 Lithuanians · Vietnam
1332
+17
🇨🇦 Franks · Canada
1365
-16
🇨🇴 Teutons · Colombia
1359
-15
🇲🇽 Bengalis · Mexico
1316
-14
🇺🇸 Varangians · United States
1299
-13
Jazzmushroom
10:35 Feudal Age
14:47 Castle Age
13:23 Gold Mining
13:22 Double-Bit Axe
15:54 Bloodlines
19:49 Wheelbarrow
19:30 Scale Barding Armor
21:34 Chain Barding Armor
21:36 Forging
21:34 Horse Collar
24:29 Hand Cart
24:26 Loom
24:27 Town Watch
24:46 Squires
24:31 Gambesons
24:32 Arson
24:52 Scale Mail Armor
26:58 Heavy Plow
31:08 Bow Saw
31:47 Chain Mail Armor
32:08 Iron Casting
38:43 Imperial Age
39:59 Plate Mail Armor
39:12 Gothikon
40:13 Conscription
39:36 Elite Varangian Guard
41:28 Blast Furnace
spava9723
6:13 Loom
9:18 Feudal Age
11:40 Fletching
13:50 Double-Bit Axe
22:40 Castle Age
20:35 Horse Collar
21:48 Forging
22:14 Scale Mail Armor
22:18 Gold Mining
22:56 Pikeman
24:09 Squires
25:44 Wheelbarrow
27:28 Iron Casting
SometimesUnlucky
4:59 Loom
12:32 Feudal Age
16:27 Castle Age
15:11 Double-Bit Axe
18:22 Bow Saw
19:00 Stone Mining
22:21 Gold Mining
23:44 Wheelbarrow
24:36 Scale Mail Armor
25:54 Gold Shaft Mining
26:42 Hand Cart
28:34 Husbandry
31:45 Imperial Age
29:32 Chain Mail Armor
29:28 Forging
31:04 Town Watch
31:58 Iron Casting
31:29 Scale Barding Armor
31:30 Light Cavalry
32:18 Cavalier
33:52 Chain Barding Armor
35:32 Blast Furnace
35:03 Plate Mail Armor
34:13 Paladin
35:31 Conscription
37:38 Plate Barding Armor
37:05 Cranequins
39:16 Fletching
39:27 Padded Archer Armor
40:42 Ballistics
41:26 Chemistry
40:18 Heavy Mounted Crossbowman
41:03 Bodkin Arrow
41:24 Leather Archer Armor
CCM | Zero
10:28 Feudal Age
11:49 Loom
14:38 Castle Age
13:04 Horse Collar
13:15 Gold Mining
18:10 Wheelbarrow
22:18 Sanctity
22:15 Fletching
29:05 Double-Bit Axe
29:51 Town Watch
33:14 Imperial Age
31:24 Bow Saw
31:51 Heavy Plow
33:36 Bodkin Arrow
33:42 Padded Archer Armor
35:05 Ballistics
ShiftyShnike
9:27 Feudal Age
13:33 Castle Age
12:04 Double-Bit Axe
12:59 Horse Collar
16:00 Bow Saw
18:41 Loom
22:49 Gold Mining
24:50 Wheelbarrow
24:19 Heavy Plow
24:51 Scale Mail Armor
25:02 Forging
25:19 Squires
25:06 Gambesons
26:38 Hand Cart
27:07 Town Watch
30:15 Imperial Age
27:52 Arson
29:29 Chain Mail Armor
29:16 Stone Mining
31:06 Iron Casting
31:28 Crop Rotation
31:34 Plate Mail Armor
30:45 Elite Varangian Guard
31:29 Gothikon
34:35 Blast Furnace
35:45 Conscription
36:26 Siege Engineers
Treebeard49
10:40 Feudal Age
14:53 Castle Age
12:48 Double-Bit Axe
12:56 Horse Collar
15:50 Bow Saw
17:30 Loom
18:36 Scale Mail Armor
22:45 Forging
25:24 Wheelbarrow
28:11 Chain Mail Armor
28:22 Hand Cart
29:16 Heavy Plow
29:09 Gold Mining
32:53 Imperial Age
33:57 Conscription
34:43 Plate Mail Armor
33:51 Hamask
36:21 Gold Shaft Mining
35:37 Stone Mining
36:06 Elite Jomsviking
38:14 Squires
38:00 Arson
40:15 Iron Casting
mryendl2410
11:29 Feudal Age
10:56 Loom
18:51 Castle Age
17:38 Fletching
24:33 Imperial Age
23:03 Double-Bit Axe
23:04 Horse Collar
24:34 Bodkin Arrow
24:41 Gold Mining
30:49 Bracer
33:10 Padded Archer Armor
36:30 Ballistics
39:15 Chemistry
41:35 Conscription
piecardinap
12:48 Feudal Age
13:49 Double-Bit Axe
13:47 Horse Collar
16:28 Castle Age
16:18 Scale Barding Armor
16:31 Bloodlines
19:32 Wheelbarrow
21:35 Loom
25:44 Bloodlines
32:18 Imperial Age
30:34 Bow Saw
30:16 Gold Mining
30:17 Stone Mining
30:28 Heavy Plow
31:11 Chain Barding Armor
32:58 Cavalier
33:39 Husbandry
34:15 Plate Barding Armor
33:51 Forging
35:44 Two-Man Saw
35:34 Paladin
37:33 Hand Cart
39:36 Stone Shaft Mining
43:22 Conscription
Connection lost

Rejoining the realm…

Still unreachable

The connection could not be restored.

Session expired

The server has moved on; the page needs a fresh start.